 Dungeon Sprint DCSS version 0.19-a0-1827-g174f941 (webtiles) character file.

3900000 Theye the Conqueror (level 22, -6/212 HPs)
             Began as a Demonspawn Fighter on Oct 7, 2016.
             Was the Champion of Makhleb.
             Mangled by a meat berserker
             ... wielding a +9 battleaxe
              (44 damage)
             ... in the Dungeon (Sprint VIII: "Arena of Blood").
             The game lasted 00:01:02 (39 turns).

Theye the Conqueror (Demonspawn Fighter)              Turns: 39, Time: 00:01:03

Health: -6/212     AC: 13    Str: 25    XL:     22   Next: 19%
Magic:  31/47      EV: 33    Int: 10    God:    Makhleb [******]
Gold:   0          SH:  0    Dex: 19    Spells: 0 memorised, 64 levels left

rFire  . . .     SeeInvis +     l - +∞ Axe of Woe
rCold  + . .     Gourm    .     b - +0 scale mail
rNeg   + . .     Faith    .     (shield currently unavailable)
rPois  .         Spirit   .     (helmet unavailable)
rElec  .         Dismiss  .     (no cloak)
rCorr  .         Reflect  .     (no gloves)
MR     +....     Harm     .     (no boots)
Stlth  ++++++++.. NoTele   +    (no amulet)
                                (no ring)
                                (no ring)

@: mighty, repel missiles
A: antennae 3, repulsion field 3, cold resistance 1, icemail, negative energy
resistance 1, powered by pain 2, freezing cloud immunity
a: Minor Destruction, Lesser Servant of Makhleb, Major Destruction, Greater
Servant of Makhleb, Renounce Religion


You were in the Dungeon.
You worshipped Makhleb.
Makhleb was exalted by your worship.
You were not hungry.

You visited 1 branch

Inventory:

Hand Weapons
 a - a +0 war axe
 l - the +∞ Axe of Woe (weapon)
   (You found it in the Dungeon)
Armour
 b - a +0 scale mail (worn)
 c - a +0 shield
Scrolls
 k - a scroll of blinking
Potions
 d - a potion of might
 e - a potion of curing
 g - a potion of heal wounds
 h - a potion of haste
 i - 2 potions of magic
 j - a potion of berserk rage
Comestibles
 f - a bread ration


   Skills:
 O Level 27 Fighting
 O Level 27 Axes
 + Level 22.4 Throwing
 O Level 27 Armour
 + Level 22.4 Dodging
 + Level 24.0 Stealth
 O Level 27 Shields
 + Level 22.3 Unarmed Combat
 + Level 21.8 Spellcasting
 O Level 27 Invocations


You had 64 spell levels left.
You didn't know any spells.

Dungeon Overview and Level Annotations

Branches:
Dungeon (1/1)

Altars:
Makhleb


Innate Abilities, Weirdness & Mutations

You have a pair of large antennae on your head. (SInv)
You are surrounded by a strong repulsion field. (EV +4, RMsl)
Your flesh is cold resistant. (rC+)
A meltable icy envelope protects you from harm. (AC +0)
You resist negative energy. (rN+)
You sometimes gain power by taking damage.
You are immune to freezing clouds.


Message History

The eight-headed meat hydra convulses!
The bag of meat convulses!
The meat berserker convulses!
The bag of meat convulses!
A bag of meat comes into view. It is wielding a +9 war axe.
The bag of meat shouts!
The bag of meat convulses!
The bag of meat shouts!
Your body is wracked with pain!
You focus on the pain.
You feel your power returning.
You hear a shout!
The bag of meat moves out of view.
You hear a shout!
A meat berserker comes into view. It is wielding a +9 battleaxe.
You hear a shout! x3
The meat berserker moves out of view.
The eight-headed meat hydra calls on the powers of darkness!
The eight-headed meat hydra convulses!
The bag of meat convulses! x2
The meat berserker convulses!
Your body is wracked with pain!
* * * LOW HITPOINT WARNING * * *
The meat berserker hits you with a +9 battleaxe!!!
You die...

.. ..O.. #.
...# { #.. ...#
. .###..
...###..
......###....{.
...z.._.§...
#...))# #_.<§@#
#...)O#
......_.....
......###......
.###.. .oD###..
#.. o..# . #.
.o.# .. .....


You could see an eight-headed meat hydra, a sculptor of flesh (wandering), 2
meat berserkers and 3 bags of meat.

Vanquished Creatures
  3 vampire knights (D)
  6 ogres (D)
  18 orcs (D)
  A hill giant (D)
28 creatures vanquished.

Notes
Turn   | Place    | Note
-------+----------+-------------------------------------------
     0 | D        | Theye the Demonspawn Fighter began the quest for the Orb.
     0 | D        | Reached XP level 1. HP: 18/18 MP: 1/1
     2 | D        | Noticed a bag of meat
     3 | D        | Noticed a bag of meat
     4 | D        | Noticed a bag of meat
     4 | D        | Noticed a bag of meat
     4 | D        | Noticed a bag of meat
     5 | D        | Noticed a meat berserker
     6 | D        | Noticed a bag of meat
     6 | D        | Noticed a bag of meat
     7 | D        | Noticed a bag of meat
     8 | D        | Noticed a bag of meat
     9 | D        | Became a worshipper of Makhleb the Destroyer
     9 | D        | Noticed a bag of meat
    10 | D        | Noticed a bag of meat
    10 | D        | Killed a bag of meat
    10 | D        | Gained mutation: You have a pair of small antennae on your head. [demonic ancestry]
    10 | D        | Reached XP level 2. HP: 45/45 MP: 2/2
    10 | D        | Reached XP level 3. HP: 51/51 MP: 3/3
    10 | D        | Reached XP level 4. HP: 58/58 MP: 4/4
    10 | D        | Gained mutation: You are surrounded by a mild repulsion field. (EV +2) [demonic ancestry]
    10 | D        | Reached XP level 5. HP: 64/64 MP: 5/5
    10 | D        | Reached XP level 6. HP: 71/71 MP: 6/6
    10 | D        | Gained mutation: You sometimes gain a little power by taking damage. [demonic ancestry]
    10 | D        | Reached XP level 7. HP: 78/78 MP: 7/7
    10 | D        | Gained mutation: You sometimes gain power by taking damage. [demonic ancestry]
    10 | D        | Reached XP level 8. HP: 85/85 MP: 8/8
    10 | D        | Gained mutation: You have a pair of antennae on your head. [demonic ancestry]
    10 | D        | Reached XP level 9. HP: 91/91 MP: 9/9
    10 | D        | Gained mutation: You are surrounded by a moderate repulsion field. (EV +3) [demonic ancestry]
    10 | D        | Reached XP level 10. HP: 98/98 MP: 10/10
    10 | D        | Gained mutation: Your flesh is cold resistant. (rC+) [demonic ancestry]
    10 | D        | Reached XP level 11. HP: 104/104 MP: 11/11
    11 | D        | Noticed a meat berserker
    11 | D        | Killed a meat berserker
    11 | D        | Reached * piety under Makhleb
    11 | D        | Reached XP level 12. HP: 73/121 MP: 12/12
    11 | D        | Gained mutation: You are immune to freezing clouds. [demonic ancestry]
    11 | D        | Reached XP level 13. HP: 77/127 MP: 13/13
    11 | D        | Killed a bag of meat
    11 | D        | Gained mutation: You are surrounded by a strong repulsion field. (EV +4, RMsl) [demonic ancestry]
    11 | D        | Reached XP level 14. HP: 84/138 MP: 14/14
    11 | D        | Killed a bag of meat
    12 | D        | Noticed a meat berserker
    12 | D        | Killed a meat berserker
    12 | D        | Reached ** piety under Makhleb
    12 | D        | Reached XP level 15. HP: 147/151 MP: 15/15
    12 | D        | Reached skill level 15 in Axes
    12 | D        | Reached XP level 16. HP: 163/163 MP: 16/16
    12 | D        | Killed a meat berserker
    12 | D        | Reached *** piety under Makhleb
    13 | D        | Reached skill level 27 in Fighting
    13 | D        | Gained mutation: You have a pair of large antennae on your head. (SInv) [demonic ancestry]
    13 | D        | Reached XP level 17. HP: 174/174 MP: 17/17
    13 | D        | Reached **** piety under Makhleb
    13 | D        | Reached skill level 27 in Armour
    13 | D        | Reached skill level 27 in Shields
    14 | D        | Noticed a meat berserker
    14 | D        | Gained mutation: You resist negative energy. (rN+) [demonic ancestry]
    14 | D        | Reached XP level 18. HP: 182/182 MP: 18/18
    16 | D        | Killed a meat berserker
    16 | D        | Reached skill level 27 in Axes
    18 | D        | Reached ***** piety under Makhleb
    18 | D        | Reached skill level 5 in Throwing
    18 | D        | Reached skill level 5 in Dodging
    18 | D        | Reached skill level 5 in Unarmed Combat
    18 | D        | Reached skill level 5 in Spellcasting
    18 | D        | Gained mutation: A meltable icy envelope protects you from harm. (AC +0) [demonic ancestry]
    18 | D        | Reached XP level 19. HP: 189/189 MP: 18/27
    20 | D        | Reached skill level 10 in Invocations
    22 | D        | Noticed a large bag of meat
    23 | D        | Killed a large bag of meat
    23 | D        | Reached skill level 10 in Stealth
    25 | D        | Noticed a meat berserker
    25 | D        | Reached skill level 10 in Throwing
    25 | D        | Reached skill level 10 in Dodging
    25 | D        | Reached skill level 10 in Unarmed Combat
    25 | D        | Reached skill level 10 in Spellcasting
    27 | D        | Noticed a meat berserker
    29 | D        | Noticed a destroyer
    29 | D        | Killed a meat berserker
    30 | D        | Reached skill level 15 in Stealth
    30 | D        | Reached XP level 20. HP: 197/197 MP: 20/37
    30 | D        | Killed a meat berserker
    30 | D        | Reached skill level 15 in Throwing
    30 | D        | Reached skill level 15 in Dodging
    30 | D        | Reached skill level 15 in Unarmed Combat
    30 | D        | Reached skill level 15 in Spellcasting
    32 | D        | Noticed a destroyer
    34 | D        | Noticed a meat berserker
    34 | D        | Noticed an eight-headed meat hydra
    35 | D        | Noticed a destroyer
    36 | D        | Killed a destroyer
    36 | D        | Reached ****** piety under Makhleb
    36 | D        | Reached XP level 21. HP: 204/204 MP: 21/42
    37 | D        | Killed a destroyer
    37 | D        | Killed a destroyer
    37 | D        | Reached skill level 27 in Invocations
    37 | D        | Reached XP level 22. HP: 212/212 MP: 21/47
    39 | D        | Mangled by a meat berserker

Vault maps used:
D:        meatsprint

Skill      XL: |  1  2  3  4  5  6  7  8  9 10 11 12 13 14 15 16 17 18 19 20 21 |
---------------+----------------------------------------------------------------+-----
Fighting       | 16 20 21 23 25 27 | 27.0
Axes           | 9 11 12 14 16 19 24 27 | 27.0
Armour         | 14 18 19 22 23 25 27 | 27.0
Shields        | 14 18 19 21 23 25 27 | 27.0
Throwing       | 5 14 18 22 | 22.4
Dodging        | 5 14 18 22 | 22.4
Stealth        | 6 15 19 24 | 24.0
Unarmed Combat | 5 14 18 22 | 22.3
Spellcasting   | 5 13 17 21 | 21.8
Invocations    | 7 18 23 27 | 27.0

Action                   |  1- 3 |  4- 6 |  7- 9 | 10-12 | 13-15 | 16-18 | 19-21 | 22-24 || total
-------------------------+-------+-------+-------+-------+-------+-------+-------+-------++-------
Melee: Executioner's axe |     1 |       |       |     1 |     1 |     4 |     8 |       ||    15
Dodge: Dodged            |       |       |       |     2 |       |       |       |       ||     2
